 Dungeon Crawl Stone Soup version 0.25-a0-105-g2289b3b9f1 (webtiles) character file.

Game seed: 14002736648993037329, levelgen mode: deterministic

6521 Gargoyl the Envoy of Void (level 10, -5/83 HPs)
             Began as a Centaur Abyssal Knight on Nov 16, 2019.
             Was a High Priest of Lugonu.
             Killed from afar by a gargoyle (20 damage)
             ... with a stone arrow
             ... on level 10 of the Dungeon.
             The game lasted 00:12:13 (10190 turns).

Gargoyl the Envoy of Void (Centaur Abyssal Knight) Turns: 10190, Time: 00:12:14

Health: -5/83      AC: 17    Str: 32      XL:     10   Next: 69%
Magic:  16/16      EV:  8    Int: 11      God:    Lugonu [*****.]
Gold:   126        SH:  0    Dex:  9 (10) Spells: 9/9 levels left

rFire    . . .     SeeInvis .   r - +1 hand axe (elec)
rCold    . . .     Gourm    .   (no shield)
rNeg     . . .     Faith    .   e - +1 chain mail
rPois    .         Spirit   .   m - +2 helmet
rElec    .         Reflect  .   (no cloak)
rCorr    .         Harm     .   y - +2 pair of gloves {Str+3}
MR       .....                  (no barding)
Stlth    ..........             (no amulet)
HPRegen  0.23/turn              w - +6 ring of strength
MPRegen  0.15/turn              C - +6 ring of strength

@: very quick
A: large, hooves 3, deformed body, speed 2, tough skin 3
a: Depart the Abyss, Bend Space, Banish, Corrupt, Enter the Abyss, Renounce
Religion


You were on level 10 of the Dungeon.
You worshipped Lugonu.
Lugonu was extremely pleased with you.
You were very hungry.

You visited 1 branch of the dungeon, and saw 10 of its levels.
You visited the Abyss 1 time.

You collected 574 gold pieces.
You spent 448 gold pieces at shops.

Inventory:

Hand Weapons
 p - a +3 war axe
 r - a +1 hand axe of electrocution (weapon)
 E - the +0 war axe "Pughu" {flame, Str+3 Int+4}
   (You bought it in a shop on level 8 of the Dungeon)

   It has been specially enchanted to burn those struck by it, causing extra
   injury to most foes and up to half again as much damage against particularly
   susceptible opponents.
   Big, fiery blades are also staple armaments of hydra-hunters.
   It affects your strength (+3).
   It affects your intelligence (+4).
Armour
 e - a +1 chain mail (worn)
 m - a +2 helmet (worn)
 y - a +2 pair of gloves of strength (worn)
Jewellery
 d - an uncursed ring of protection from cold
 h - an uncursed ring of protection from fire
 u - an uncursed ring of poison resistance
 v - an uncursed ring of flight
 w - a +6 ring of strength (left hand)
 C - a +6 ring of strength (right hand)
Wands
 l - a wand of random effects (46)
 t - a wand of acid (5)
 B - a wand of scattershot (5)
 H - a wand of iceblast (7)
Scrolls
 b - a scroll of identify
 f - 3 scrolls of enchant armour
 i - 3 scrolls of remove curse
 x - 2 scrolls of fear
 F - 2 scrolls of teleportation
Potions
 a - a potion of cancellation {unknown}
 g - 2 potions of agility
 j - 2 potions of curing {unknown}
 k - a potion of haste {unknown}
 n - 3 potions of flight {unknown}
 o - 4 potions of heal wounds
 q - 3 potions of brilliance {unknown}
 s - a potion of berserk rage
 z - a potion of might {unknown}
 A - a potion of invisibility {unknown}
 D - a potion of ambrosia {unknown}
 G - 2 potions of lignification {unknown}
Comestibles
 c - 18 rations


   Skills:
 + Level 6.0 Fighting
 + Level 7.8 Axes
 * Level 7.2 Armour
 * Level 4.4 Dodging
 * Level 8.1 Invocations
 + Level 0.1 Evocations


You had 9 spell levels left.
You didn't know any spells.
Your spell library contained the following spells:

 Spells                   Type           Power        Failure   Level  Hunger
 Animate Skeleton         Necr           N/A          82%         1    ##.....
 Apportation              Tloc           #.....       82%         1    ##.....
 Confusing Touch          Hex            #.....       82%         1    ##.....
 Corona                   Hex            #......      82%         1    ##.....
 Sting                    Conj/Pois      #...         82%         1    ##.....
 Summon Small Mammal      Summ           #...         82%         1    ##.....
 Poisonous Vapours        Pois/Air       #.....       91%         2    ###....
 Slow                     Hex            #.......     91%         2    ###....
 Inner Flame              Hex/Fire       #.......     99%         3    ####...
 Mephitic Cloud           Conj/Pois/Air  #.......     99%         3    ####...
 Portal Projectile        Hex/Tloc       #.....       99%         3    ####...
 Cause Fear               Hex            #.........   100%        4    #####..
 Leda's Liquefaction      Hex/Erth       #.........   100%        4    #####..
 Olgreb's Toxic Radiance  Pois           #.......     100%        4    #####..
 Venom Bolt               Conj/Pois      #.........   100%        5    ######.


Dungeon Overview and Level Annotations

Branches:
Dungeon (10/15)            Temple (0/1) D:5
   Lair: D:8-11         Orc: D:9-12

Altars:
Elyvilon
Hepliaklqana
Nemelex Xobeh
Okawaru
Qazlal
Ru
Trog
Vehumet
Wu Jian
Xom
The Shining One

Shops:
D:7 %   D:8 }[(


Innate Abilities, Weirdness & Mutations

You have hooves in place of feet.
Armour fits poorly on your strangely shaped body.
You cover ground very quickly.
You have extremely tough skin. (AC +3)


Message History

The gargoyle is severely damaged.
The gargoyle hits you but does no damage.
You hit the gargoyle but do no damage.
You kick the gargoyle, but do no damage.
The gargoyle is severely damaged.
The gargoyle hits you but does no damage.
You completely miss the gargoyle.
You kick the gargoyle, but do no damage.
The gargoyle is severely damaged.
You hit the gargoyle but do no damage.
You kick the gargoyle, but do no damage.
The gargoyle is severely damaged.
The gargoyle hits you with a cursed +0 flail.
* * * LOW HITPOINT WARNING * * *
You hit the gargoyle.
You kick the gargoyle, but do no damage.
The gargoyle is almost destroyed.
The gargoyle hurls a stone arrow at you.
The stone arrow hits you!!
You die...

###############
.......$.....†####
...........9@†...#
.........######..#
..Y......#
#..#######
..YY.....#
#........#
.........#
#........#
.........#
#........#
.........#
#........# .......
#........#
#........#


You could see a gargoyle.

Vanquished Creatures
  A two-headed ogre (D:9)
  Pikel (D:9)
  A spriggan (D:7)
  5 yaks (D:10)
  A wyvern (D:9)
  Menkaure (D:4)
  3 orc warriors
  2 ice beasts
  3 sky beasts
  2 black bears
  3 phantoms
  3 ogres
  A necrophage (D:7)
  3 centaurs
  A big kobold (D:9)
  5 bullfrogs
  A wyvern zombie (D:8)
  2 howler monkeys
  2 crimson imps (D:8)
  2 bullfrog zombies
  A quasit (D:9)
  8 orc priests
  6 hounds
  A centaur skeleton (D:7)
  A jelly (D:6)
  9 orc wizards
  4 bullfrog skeletons
  Ijyb (D:4)
  3 iguanas
  7 worker ants
  2 hound zombies
  Robin (D:2)
  3 gnolls (D:2)
  3 river rats (D:5)
  9 adders
  2 shadow imps (D:8)
  An adder skeleton (D:9)
  A worm (D:2)
  5 dart slugs
  7 leopard geckos
  41 orcs
  A ball python (D:3)
  5 giant cockroaches
  20 goblins
  12 hobgoblins
  6 jackals
  2 quokkas
  8 bats
  3 frilled lizards
  8 kobolds
  3 quokka skeletons
  9 rats
236 creatures vanquished.

Vanquished Creatures (collateral kills)
  4 jackals (D:6)
  A quokka (D:6)
5 creatures vanquished.

Vanquished Creatures (others)
  A two-headed ogre (D:7)
  An adder zombie (D:9)
  A kobold (D:9)
3 creatures vanquished.

Grand Total: 244 creatures vanquished

Notes
Turn   | Place    | Note
-------+----------+-------------------------------------------
     0 | Abyss:1  | Gargoyl the Centaur Abyssal Knight began the quest for the
                  | Orb.
     0 | Abyss:1  | Reached XP level 1. HP: 19/19 MP: 2/2
    42 | Abyss:1  | Noticed a small abomination
    54 | Abyss:1  | Noticed a raiju
    71 | D:1      | Escaped the Abyss
   548 | D:1      | Reached XP level 2. HP: 26/26 MP: 3/3
   632 | D:1      | Reached skill level 1 in Dodging
   673 | D:1      | Reached * piety under Lugonu
   818 | D:1      | You fall into a shaft and drop 1 floor!
  1373 | D:2      | Noticed Robin
  1377 | D:1      | Reached XP level 3. HP: 27/31 MP: 4/4
  1634 | D:2      | Killed Robin
  1995 | D:2      | Reached XP level 4. HP: 35/39 MP: 5/5
  2498 | D:2      | Reached ** piety under Lugonu
  2498 | D:2      | Reached XP level 5. HP: 30/46 MP: 5/7
  2766 | D:3      | Found a sparkling altar of Nemelex Xobeh.
  2819 | D:3      | Reached skill level 3 in Invocations
  3324 | D:3      | Reached XP level 6. HP: 51/52 MP: 8/8
  3429 | D:4      | Noticed Menkaure
  3434 | D:4      | Reached *** piety under Lugonu
  3439 | D:4      | Killed Menkaure
  3973 | D:4      | Found a stormy altar of Qazlal.
  4098 | D:5      | Entered Level 5 of the Dungeon
  4144 | D:5      | Noticed Ijyb
  4147 | D:4      | Reached XP level 7. HP: 58/58 MP: 9/9
  4154 | D:4      | Killed Ijyb
  4367 | D:4      | HP: 2/59 [ogre/+0 giant club (6)]
  4837 | D:5      | Reached skill level 4 in Invocations
  4875 | D:5      | Reached XP level 8. HP: 58/67 MP: 11/11
  4878 | D:5      | Reached skill level 5 in Axes
  5089 | D:5      | Found a staircase to the Ecumenical Temple.
  5166 | D:5      | Found a hazy altar of Hepliaklqana.
  6055 | D:6      | Reached **** piety under Lugonu
  6564 | D:6      | Reached skill level 5 in Fighting
  6579 | D:6      | Found an iron altar of Okawaru.
  6587 | D:6      | Reached skill level 5 in Invocations
  6714 | D:6      | Found a radiant altar of Vehumet.
  6831 | D:6      | Reached XP level 9. HP: 66/74 MP: 12/12
  7156 | D:6      | Found an ornate altar of the Wu Jian Council.
  7247 | D:7      | Found an ornate altar of the Wu Jian Council.
  7267 | D:7      | Noticed a two-headed ogre
  7274 | D:7      | HP: 3/74 [two-headed ogre/+0 giant club (7)]
  7611 | D:7      | Banished a two-headed ogre
  7611 | D:7      | Reached skill level 5 in Armour
  7736 | D:7      | Found Tagaunie's Food Shop.
  7977 | D:7      | Reached skill level 6 in Invocations
  8103 | D:8      | Found Bonau's Armour Shoppe.
  8121 | D:8      | Found Buxivuali's Gadget Shop.
  8143 | D:8      | Bought a +2 pair of gloves of strength for 236 gold pieces
  8417 | D:8      | Found a white marble altar of Elyvilon.
  8624 | D:8      | Found Piymeh's Antique Weapon Shoppe.
  8634 | D:8      | Bought an encrusted war axe for 212 gold pieces
  8634 | D:8      | Identified the cursed +0 war axe "Pughu" {flame, Str+3
                  | Int+4} (You bought it in a shop on level 8 of the Dungeon)
  8933 | D:9      | Found a sacrificial altar of Ru.
  9038 | D:9      | Noticed a two-headed ogre
  9044 | D:9      | Killed a two-headed ogre
  9044 | D:9      | Reached skill level 7 in Invocations
  9044 | D:9      | Reached XP level 10. HP: 63/83 MP: 15/15
  9146 | D:9      | Noticed Pikel
  9157 | D:9      | Killed Pikel
  9335 | D:9      | Found a shimmering altar of Xom.
  9335 | D:9      | Found a shimmering altar of Xom.
  9335 | D:9      | Found a shimmering altar of Xom.
  9336 | D:9      | Found a shimmering altar of Xom.
  9336 | D:9      | Found a shimmering altar of Xom.
  9336 | D:9      | Found a shimmering altar of Xom.
  9806 | D:9      | Reached ***** piety under Lugonu
 10024 | D:9      | Found a bloodstained altar of Trog.
 10025 | D:9      | Found a glowing golden altar of the Shining One.
 10095 | D:10     | Entered Level 10 of the Dungeon
 10160 | D:10     | Reached skill level 8 in Invocations
 10171 | D:10     | Noticed a gargoyle
 10190 | D:10     | Killed from afar by a gargoyle

Levels and vault maps discovered:
D:1:      dpeg_arrival_morbid_curiosity, layout_loops_ring
D:2:      wander_river, layout_rooms, minmay_tetromino_s2, uniq_robin
D:3:      layout_loops_ring, nemelex_xobeh_ov_fountains_minmay
D:4:      layout_rooms, old_standard_altar, uniq_menkaure
D:5:      layout_cave_pools, old_standard_altar,
          minmay_temple_entry_stoned_glass, gup_sewer_entry_bubbles,
          first_ration, minivault_26, kennysheep_generic_room_8, uniq_ijyb
D:6:      layout_loops_ring, kennysheep_mini_moat,
          nicolae_overflow_crystal_walls, vehumet_crystals
D:7:      layout_rooms, serial_shops, nicolae_shop_trees, basic_altar,
          hangedman_decor_lopped, the_bakery
D:8:      layout_loops_ring, marbit_many_paths, serial_shops,
          nicolae_shop_overgrown_old_shop, nicolae_shop_stone, shop
D:9:      layout_roguey, xom_redecorated, gammafunk_temple_overflow_statue,
          nicolae_ru_great_annihilating_truth, uniq_pikel
D:10:     layout_irregular_city

Skill      XL: |  1  2  3  4  5  6  7  8  9 10 |
---------------+-------------------------------+-----
Dodging        | 1 2 3 4 |  4.4
Axes           | 2 3 4 6 7 |  7.8
Armour         | 2 3 4 6 7 |  7.2
Invocations    | 3 4 5 7 8 |  8.1
Fighting       | 4 5 6 |  6.0
Evocations     | |  0.1

Action                   |  1- 3 |  4- 6 |  7- 9 | 10-12 || total
-------------------------+-------+-------+-------+-------++-------
Melee: Hand axe          |    93 |   124 |   237 |   132 ||   586
       Kick              |    19 |    33 |    76 |    49 ||   177
       War axe           |       |    64 |    83 |       ||   147
Invok: Depart the Abyss  |     1 |       |       |       ||     1
       Banish            |       |       |     2 |       ||     2
Evoke: Wand              |       |       |     5 |       ||     5
  Use: Scroll            |       |     7 |     8 |     1 ||    16
       Potion            |       |     1 |       |       ||     1
 Stab: Paralysed         |       |       |     1 |       ||     1
  Eat: Chunk             |     1 |     7 |     8 |     2 ||    18
       Ration            |       |       |     2 |       ||     2
Armor: Chain mail        |    73 |   166 |   211 |   107 ||   557
Dodge: Dodged            |    27 |    51 |    83 |    64 ||   225

Table legend:
 A = Non-vault XP
 B = Vault XP
 C = Vault XP percentage of total XP
 D = Non-vault monster count
 E = Vault monster count
 F = Vault count percentage of total count
                 A         B        C        D         E       F
            +---------+---------+-------+---------+---------+-------
      Total |    7924 |    1393 |  15.0 |     205 |      37 |  15.3
            +---------+---------+-------+---------+---------+-------
        D:1 |      30 |      25 |  45.5 |      16 |      14 |  46.7
        D:2 |     196 |      26 |  11.7 |      24 |       5 |  17.2
        D:3 |     107 |       0 |   0.0 |      28 |       0 |   0.0
        D:4 |     510 |     219 |  30.0 |      18 |       2 |  10.0
        D:5 |     626 |     179 |  22.2 |      10 |       9 |  47.4
        D:6 |    1083 |       0 |   0.0 |      39 |       0 |   0.0
        D:7 |     853 |     215 |  20.1 |      12 |       1 |   7.7
        D:8 |    1013 |      11 |   1.1 |      16 |       1 |   5.9
        D:9 |    2459 |     718 |  22.6 |      37 |       5 |  11.9
       D:10 |    1047 |       0 |   0.0 |       5 |       0 |   0.0
            +---------+---------+-------+---------+---------+-------
